AoeStats
← manfred_da_pig

Arena

505316974Analyzed
4v4 RM · 24d ago on Sep 8, 2026· 44m 4s· 8 players
Game mode
Random Map
Map size
Large (8 player)
Population
200
Speed
Normal
Resources
Standard
Victory
Conquest
Starting age
Dark Age
Ending age
Imperial Age
RankedLock teamsTeams togetherTeam positionsShared explorationLock speedFull tech treeHidden civsTurbo modeCheats
Victory
Defeat
🇩🇪 Celts · Germany
1494
+15
🇻🇳 Mongols · Vietnam
1479
+16
🇩🇪 Franks · Germany
1421
+18
🇨🇳 Italians · China
1416
+18
🇨🇿 Cumans · Czechia
1669
-24
🇨🇿 Britons · Czechia
1641
-23
🇦🇷 Mongols · Argentina
1460
-16
🇨🇿 Goths · Czechia
1099
-15
leotectos
5:12 Loom
9:32 Feudal Age
13:56 Castle Age
12:27 Double-Bit Axe
14:39 Wheelbarrow
14:57 Bow Saw
18:39 Horse Collar
20:28 Heavy Plow
22:44 Stone Mining
22:47 Gold Mining
28:27 Imperial Age
26:20 Padded Archer Armor
26:51 Fletching
27:14 Stone Mining
28:28 Leather Archer Armor
29:18 Ballistics
29:06 Husbandry
29:47 Conscription
30:13 Scale Barding Armor
31:11 Stone Shaft Mining
31:01 Bodkin Arrow
32:32 Chemistry
32:01 Bracer
32:40 Masonry
33:08 Chain Barding Armor
33:30 Parthian Tactics
35:22 Elite Mangudai
39:40 Hoardings
Čiko
8:30 Feudal Age
9:20 Double-Bit Axe
10:48 Horse Collar
18:59 Castle Age
18:12 Wheelbarrow
20:46 Bow Saw
20:40 Heavy Plow
21:29 Hand Cart
24:47 Loom
28:08 Imperial Age
25:51 Forging
25:47 Scale Barding Armor
27:43 Iron Casting
27:50 Chain Barding Armor
28:25 Bloodlines
28:10 Elite Steppe Lancer
29:54 Blast Furnace
30:14 Plate Barding Armor
30:43 Stone Mining
30:44 Gold Mining
32:55 Two-Man Saw
32:30 Crop Rotation
33:49 Cavalier
36:41 Gold Shaft Mining
35:53 Paladin
42:38 Light Cavalry
Noxx
10:17 Feudal Age
11:07 Double-Bit Axe
14:05 Castle Age
12:32 Horse Collar
15:07 Bow Saw
19:50 Gold Mining
20:11 Fletching
20:56 Loom
21:03 Loom
21:50 Bodkin Arrow
27:35 Imperial Age
25:45 Wheelbarrow
25:22 Heavy Plow
27:18 Fortified Wall
28:05 Hand Cart
27:30 Pikeman
28:10 Squires
29:34 Two-Man Saw
29:56 Chemistry
29:52 Bracer
29:54 Stone Mining
32:02 Yeomen
32:34 Padded Archer Armor
31:57 Halberdier
32:39 Scale Mail Armor
32:49 Forging
33:27 Ballistics
33:33 Elite Longbowman
34:32 Chain Mail Armor
35:03 Conscription
34:59 Leather Archer Armor
38:37 Crossbowman
39:22 Arbalester
40:16 Man-at-Arms
40:41 Gambesons
MYMAsgard
12:53 Feudal Age
14:16 Horse Collar
14:23 Double-Bit Axe
16:51 Castle Age
18:23 Wheelbarrow
18:07 Bow Saw
23:03 Heavy Plow
25:42 Stone Mining
25:44 Gold Mining
26:22 Hand Cart
29:45 Stone Shaft Mining
32:58 Imperial Age
32:23 Forging
32:14 Scale Mail Armor
35:26 Iron Casting
35:07 Chain Mail Armor
35:43 Perfusion
36:04 Conscription
35:06 Elite Huskarl
36:22 Crop Rotation
36:55 Two-Man Saw
36:06 Anarchy
37:11 Blast Furnace
35:51 Pikeman
36:39 Squires
36:30 Man-at-Arms
36:39 Halberdier
36:50 Long Swordsman
37:04 Two-Handed Swordsman
37:25 Champion
Pipin
10:26 Feudal Age
14:05 Castle Age
12:05 Double-Bit Axe
12:16 Horse Collar
15:29 Heavy Plow
22:20 Gold Mining
23:15 Wheelbarrow
24:03 Town Watch
24:33 Hand Cart
24:07 Loom
25:35 Stone Mining
26:21 Gold Shaft Mining
29:21 Imperial Age
28:15 Scale Mail Armor
28:26 Forging
28:53 Stone Shaft Mining
29:05 Gambesons
29:05 Arson
29:47 Chain Mail Armor
29:49 Town Watch
30:30 Conscription
29:46 Capped Ram
31:12 Iron Casting
30:50 Bow Saw
30:05 Elite Woad Raider
33:24 Blast Furnace
32:54 Plate Mail Armor
33:04 Siege Ram
33:58 Siege Engineers
38:04 Pikeman
40:02 Murder Holes
40:28 Ballistics
41:08 Chemistry
39:59 Fletching
40:47 Bodkin Arrow
41:20 Furor Celtica
41:42 Caravan
41:15 Heavy Scorpion
44:51 Coinage
manfred_da_pig
10:49 Feudal Age
14:33 Castle Age
14:35 Double-Bit Axe
15:50 Bow Saw
21:51 Wheelbarrow
22:47 Gold Mining
23:50 Hand Cart
24:18 Stone Mining
25:11 Gold Shaft Mining
25:18 Loom
26:11 Town Watch
29:29 Imperial Age
27:09 Scale Barding Armor
28:24 Chain Barding Armor
28:15 Forging
28:37 Town Patrol
28:52 Fortified Wall
28:53 Masonry
28:58 Husbandry
30:52 Iron Casting
29:49 Cavalier
31:08 Plate Barding Armor
32:46 Blast Furnace
32:34 Architecture
31:58 Paladin
32:43 Fletching
33:14 Ballistics
36:38 Conscription
36:20 Chivalry
36:36 Bodkin Arrow
37:42 Chemistry
37:43 Hoardings
39:41 Caravan
45:06 Coinage
别打我了
10:53 Feudal Age
15:47 Castle Age
14:17 Double-Bit Axe
14:33 Horse Collar
17:02 Bow Saw
21:53 Heavy Plow
22:20 Gold Mining
23:41 Wheelbarrow
27:33 Imperial Age
25:25 Fletching
25:30 Loom
26:00 Town Watch
26:51 Ballistics
26:32 Bodkin Arrow
26:37 Padded Archer Armor
28:21 Bracer
29:01 Conscription
29:54 Chemistry
29:43 Leather Archer Armor
34:16 Ring Archer Armor
33:53 Thumb Ring
35:00 Elite Genoese Crossbowman
36:49 Masonry
37:32 Hand Cart
38:51 Scale Barding Armor
38:56 Forging
This is Kawaii
10:19 Feudal Age
13:48 Castle Age
12:13 Double-Bit Axe
13:19 Horse Collar
14:46 Bow Saw
15:30 Loom
25:01 Wheelbarrow
24:23 Gold Mining
30:28 Imperial Age
28:55 Fletching
30:00 Bodkin Arrow
30:18 Padded Archer Armor
31:40 Bracer
33:05 Chemistry
32:34 Thumb Ring
32:57 Husbandry
33:47 Bloodlines
34:38 Parthian Tactics
34:36 Leather Archer Armor
36:01 Elite Mangudai
40:08 Conscription
42:08 Ballistics
Connection lost

Rejoining the realm…

Still unreachable

The connection could not be restored.

Session expired

The server has moved on; the page needs a fresh start.